 Dungeon Crawl Stone Soup version 0.25-b1-46-gb8a1ec05df (webtiles) character file.

Game seed: 14073384710821345660

33 Peloso the Covered (level 3, 33/33 HPs)
             Began as a Minotaur Fighter on June 9, 2020.
             Got out of the dungeon alive.
             The game lasted 00:01:20 (919 turns).

Peloso the Covered (Minotaur Fighter)                Turns: 919, Time: 00:01:21

Health: 33/33      AC:  4    Str: 20    XL:     3   Next: 12%
Magic:  2/2        EV:  7    Int:  5    God:
Gold:   32         SH:  9    Dex: 10    Spells: 2/2 levels left

rFire    . . .     SeeInvis .   a - +0 long sword
rCold    . . .     Gourm    .   c - +0 kite shield
rNeg     . . .     Faith    .   b - +0 scale mail
rPois    .         Spirit   .   (helmet restricted)
rElec    .         Reflect  .   (no cloak)
rCorr    .         Harm     .   (no gloves)
MR       .....                  (no boots)
Stlth    ..........             (no amulet)
HPRegen  0.11/turn              (no ring)
MPRegen  0.08/turn              (no ring)

@: hasted, very quick
A: retaliatory headbutt, hooves 1, horns 2, deformed body
a: no special abilities


You escaped.
You were not hungry.

You visited 1 branch of the dungeon, and saw 1 of its levels.

You collected 32 gold pieces.

Inventory:

Hand Weapons
 a - a +0 long sword (weapon)
Armour
 b - a +0 scale mail (worn)
 c - a +0 kite shield (worn)
Scrolls
 e - a scroll of teleportation {unknown}
 i - 2 scrolls of identify {unknown}
 j - a scroll of amnesia {unknown}
 k - a scroll of enchant weapon {unknown}
Potions
 d - a potion of might
 l - a potion of haste
Comestibles
 f - 4 rations
 g - 3 chunks of flesh


   Skills:
 + Level 4.2 Fighting
 + Level 2.5 Long Blades
 + Level 4.2 Armour
 + Level 4.1 Shields


You had 2 spell levels left.
You didn't know any spells.
Your spell library was empty.

Dungeon Overview and Level Annotations

Branches:
Dungeon (1/15)

Altars:


Innate Abilities, Weirdness & Mutations

You reflexively headbutt those who attack you in melee.
You have a pair of horns on your head.
You have large cloven feet.
Armour fits poorly on your strangely shaped body.


Message History

Done exploring.
Done exploring.
Done exploring.
It was a potion of mutation.
You feel extremely strange.
Your body twists and deforms.
Your feet thicken and deform.
It was a potion of haste.
You feel yourself speed up.
(D) Dungeon
Where to? (? - help)
What level of the Dungeon? (default 1, ? - help)
You open the door.
The human shouts!
There is an open door here.
The human shouts!
The spriggan shouts!
The spriggan shouts!
The troll shouts!
The draconian roars!
There is a staircase leading out of the dungeon here.
Are you sure you want to leave the Dungeon?
This will make you lose the game!
You have escaped!

####### ####
#Z#^#^#######h#Z
########T#^#i####
##......#######...
#@..............##
##..........#####^
############Z#Z##
#Z#d#e#Z#i#####
###########
####### ##......
#.....## #.....#


You could see a troll zombie and an ogre skeleton.

Vanquished Creatures
  A dart slug (D:1)
  4 bats (D:1)
  2 giant cockroaches (D:1)
  5 goblins (D:1)
  3 hobgoblins (D:1)
  3 jackals (D:1)
  7 kobolds (D:1)
  3 rats (D:1)
28 creatures vanquished.

Notes
Turn   | Place    | Note
-------+----------+-------------------------------------------
     0 | D:1      | Peloso the Minotaur Fighter began the quest for the Orb.
     0 | D:1      | Reached XP level 1. HP: 19/19 MP: 0/0
     0 | D:1      | Noticed a draconian
     3 | D:1      | Noticed an elf
     6 | D:1      | Noticed a troll
     7 | D:1      | Noticed a spriggan
    10 | D:1      | Noticed a spriggan
    12 | D:1      | Noticed a felid
    14 | D:1      | Noticed a human
    16 | D:1      | Noticed a human
   265 | D:1      | Reached XP level 2. HP: 27/27 MP: 1/1
   690 | D:1      | Reached XP level 3. HP: 33/33 MP: 2/2
   885 | D:1      | Gained mutation: Armour fits poorly on your strangely
                  | shaped body. [potion of mutation]
   885 | D:1      | Gained mutation: You have large cloven feet. [potion of
                  | mutation]
   919 | D:$      | Got out of the dungeon alive.

Illustrated notes

Levels and vault maps discovered:
D:1:      shiori_arrival_whats_in_store_for_you, layout_basic

Skill      XL: |  1  2 |
---------------+-------+-----
Shields        | 4 |  4.1
Armour         | 4 |  4.2
Fighting       | 4 |  4.2
Long Blades    | |  2.5

Action                   || total
-------------------------++-------
Melee: Long sword        ||    48
       Headbutt          ||    13
  Use: Potion            ||     2
Armor: Scale mail        ||    27
Dodge: Dodged            ||    16
Block: Kite shield       ||    32
       Rpst.: Long sword ||     4
